| TOP OF THE 1ST |
|
Bowie Baysox batting - Pitching for Arkansas Travelers : RHP Bartholomeu Voivodic
|
|
Pitching: RHP Bartholomeu Voivodic
|
|
|
Batting: RHB Wil Ochoa
|
0-0: Ball 1-0: Foul Ball, location: 2F 1-1: Ball 2-1: Swinging Strike 2-2: Ground out 4-3 (Groundball, 4, EV 96.9 MPH)
|
|
Batting: RHB Maup Gommers
|
0-0: Ball 1-0: Called Strike 1-1: Swinging Strike 1-2: Ball 2-2: Foul Ball, location: 2F 2-2: Ball 3-2: Strikes out swinging
|
|
Batting: LHB Pat Fontana
|
0-0: Ball 1-0: Fly out, F9 (Flyball, 89M, EV 86.9 MPH)
|
| Top of the 1st over - 0 runs, 0 hits, 0 errors, 0 left on base; Bowie 0 - Arkansas 0 |
| BOTTOM OF THE 1ST |
|
Arkansas Travelers batting - Pitching for Bowie Baysox : RHP Kevin Stewart
|
|
Pitching: RHP Kevin Stewart
|
|
|
Batting: RHB Nick Lombardo
|
0-0: Called Strike 0-1: Ball 1-1: Swinging Strike 1-2: SINGLE (Flyball, 34D, EV 90.0 MPH)
|
|
Batting: RHB Ryan Pelletier
|
0-0: Fielders Choice at 2nd, 6-4 (Groundball, 6, EV 91.9 MPH)
|
|
Batting: RHB Kyler Seitz
|
0-0: Called Strike 0-1: Swinging Strike 0-2: Ball 1-2: Ball 2-2: Strikes out swinging
|
|
Batting: LHB Mutsuo IIda
|
0-0: Fielders Choice at 2nd, 6-4 (Groundball, 6, EV 109.4 MPH)
|
| Bottom of the 1st over - 0 runs, 1 hit, 0 errors, 1 left on base; Bowie 0 - Arkansas 0 |
| TOP OF THE 2ND |
|
Bowie Baysox batting - Pitching for Arkansas Travelers : RHP Bartholomeu Voivodic
|
|
Batting: RHB Jonathan Mendoza
|
0-0: Ball 1-0: Ball 2-0: Ball 3-0: Called Strike 3-1: SINGLE (Line Drive, 7S, EV 86.9 MPH)
|
|
Batting: RHB Kevin Popowicz
|
0-0: Ball 1-0: Called Strike 1-1: Foul Ball, location: 2F 1-2: Strikes out looking
|
|
Batting: SHB Chris Wright
|
0-0: Ball 1-0: Called Strike 1-1: Ball 2-1: Foul Ball, location: 2F 2-2: SINGLE (Groundball, 56D, EV 99.4 MPH) Jonathan Mendoza to second
|
|
Batting: RHB Honório Szenes
|
0-0: Swinging Strike 0-1: Ball 1-1: 3-RUN HOME RUN (Flyball, 78XD, EV 106.2 MPH), Distance : 422 ft
|
|
Batting: RHB Ismael Macedo
|
0-0: Ball 1-0: Foul Ball, location: 2F 1-1: Swinging Strike 1-2: DOUBLE (Line Drive, 7LM, EV 105.0 MPH)
|
|
Batting: RHB Simon Van Steenwyk
|
0-0: Ball Ismael Macedo is caught stealing 3rd base 2-5 1-0: Ball 2-0: Ball 3-0: Foul Ball, location: 2F 3-1: Fly out, F4 (Popup, 34S, EV 88.1 MPH)
|
| Top of the 2nd over - 3 runs, 4 hits, 0 errors, 0 left on base; Bowie 3 - Arkansas 0 |
| BOTTOM OF THE 2ND |
|
Arkansas Travelers batting - Pitching for Bowie Baysox : RHP Kevin Stewart
|
|
Batting: RHB Juan Montez
|
0-0: Ball 1-0: Ball 2-0: Called Strike 2-1: Ball 3-1: Base on Balls
|
|
Batting: RHB Kinya Nishimura
|
0-0: Called Strike 0-1: Foul Ball, location: 2F 0-2: Strikes out swinging
|
|
Batting: RHB Danny Bjarnson
|
0-0: Ball Passed Ball! Juan Montez to second 1-0: SINGLE (Line Drive, 8LS, EV 95.6 MPH) Juan Montez to third
|
|
Batting: RHB T.J. Gray
|
0-0: Foul Ball, location: 2F 0-1: Ball 1-1: Ball 2-1: Grounds into double play, 4-6-3 (Groundball, 4, EV 84.4 MPH)
|
| Bottom of the 2nd over - 0 runs, 1 hit, 0 errors, 1 left on base; Bowie 3 - Arkansas 0 |
| TOP OF THE 3RD |
|
Bowie Baysox batting - Pitching for Arkansas Travelers : RHP Bartholomeu Voivodic
|
|
Batting: RHB Wil Ochoa
|
0-0: Ball 1-0: Bunt missed! 1-1: Swinging Strike 1-2: Ball 2-2: Ground out 6-3 (Groundball, 6, EV 101.2 MPH)
|
|
Batting: RHB Maup Gommers
|
0-0: Called Strike 0-1: Ball 1-1: Ground out 1-3 (Groundball, 34S, EV 64.4 MPH)
|
|
Batting: LHB Pat Fontana
|
0-0: Swinging Strike 0-1: Ball 1-1: Ball 2-1: Foul Ball, location: 2F 2-2: Foul Ball, location: 2F 2-2: Fly out, F8 (Flyball, 8RM, EV 98.8 MPH)
|
| Top of the 3rd over - 0 runs, 0 hits, 0 errors, 0 left on base; Bowie 3 - Arkansas 0 |
| BOTTOM OF THE 3RD |
|
Arkansas Travelers batting - Pitching for Bowie Baysox : RHP Kevin Stewart
|
|
Batting: RHB Phil Knox
|
0-0: Ball 1-0: Ball 2-0: Ball 3-0: Called Strike 3-1: Fly out, F3 (Popup, 3SF, EV 78.8 MPH)
|
|
Batting: RHB Nick Lombardo
|
0-0: Called Strike 0-1: Foul Ball, location: 2F 0-2: Fly out, F4 (Popup, 34, EV 70.0 MPH)
|
|
Batting: RHB Ryan Pelletier
|
0-0: DOUBLE (Flyball, 89D, EV 103.1 MPH)
|
|
Batting: RHB Kyler Seitz
|
0-0: Fly out, F8 (Flyball, 8LM, EV 91.9 MPH)
|
| Bottom of the 3rd over - 0 runs, 1 hit, 0 errors, 1 left on base; Bowie 3 - Arkansas 0 |
| TOP OF THE 4TH |
|
Bowie Baysox batting - Pitching for Arkansas Travelers : RHP Bartholomeu Voivodic
|
|
Batting: RHB Jonathan Mendoza
|
0-0: Called Strike 0-1: Ball 1-1: Ball 2-1: Ground out 6-3 (Groundball, 6S, EV 83.8 MPH)
|
|
Batting: RHB Kevin Popowicz
|
0-0: Called Strike 0-1: Swinging Strike 0-2: Strikes out looking
|
|
Batting: SHB Chris Wright
|
0-0: Called Strike 0-1: Called Strike 0-2: Ball 1-2: Ball 2-2: Ball 3-2: Base on Balls
|
|
Batting: RHB Honório Szenes
|
0-0: Called Strike 0-1: SINGLE (Groundball, 56D, EV 97.5 MPH) Chris Wright to second
|
|
Batting: RHB Ismael Macedo
|
0-0: Ball 1-0: Ground out 4-3 (Groundball, 4, EV 87.5 MPH)
|
| Top of the 4th over - 0 runs, 1 hit, 0 errors, 2 left on base; Bowie 3 - Arkansas 0 |
| BOTTOM OF THE 4TH |
|
Arkansas Travelers batting - Pitching for Bowie Baysox : RHP Kevin Stewart
|
|
Batting: LHB Mutsuo IIda
|
0-0: Called Strike 0-1: SINGLE (Flyball, 78M, EV 81.9 MPH)
|
|
Batting: RHB Juan Montez
|
0-0: Called Strike 0-1: Swinging Strike 0-2: Ball 1-2: Foul Ball, location: 2F 1-2: Foul Ball, location: 2F 1-2: Ball 2-2: Ball 3-2: Foul Ball, location: 2F 3-2: Base on Balls Mutsuo IIda to second
|
|
Batting: RHB Kinya Nishimura
|
0-0: Called Strike 0-1: Foul Ball, location: 2F 0-2: Ball 1-2: Foul Ball, location: 2F 1-2: Foul Ball, location: 2F 1-2: Fielders Choice at 2nd, 5-4 (Groundball, 56S, EV 76.9 MPH) Mutsuo IIda to third
|
|
Batting: RHB Danny Bjarnson
|
0-0: Foul Ball, location: 2F 0-1: Ball 1-1: Ball 2-1: Ball 3-1: Foul Ball, location: 2F 3-2: Fly out, F8 (Flyball, 89M, EV 93.8 MPH) Runner from 3rd tags up, SCORES, throw by CF
|
|
Batting: RHB T.J. Gray
|
0-0: Foul Ball, location: 2F 0-1: DOUBLE (Line Drive, 7LM, EV 103.8 MPH) Kinya Nishimura to third Runner from 3rd tries for Home, SAFE, throw by LF to trailing runner, OUT at third! 7-3-5
|
| Bottom of the 4th over - 2 runs, 2 hits, 0 errors, 0 left on base; Bowie 3 - Arkansas 2 |
| TOP OF THE 5TH |
|
Bowie Baysox batting - Pitching for Arkansas Travelers : RHP Bartholomeu Voivodic
|
|
Batting: RHB Simon Van Steenwyk
|
0-0: Ball 1-0: Called Strike 1-1: Ball 2-1: SINGLE (Line Drive, 89S, EV 108.1 MPH)
|
|
Batting: RHB Wil Ochoa
|
0-0: Foul Ball, location: 2F 0-1: Ground out 4-3 (Groundball, 34, EV 105.0 MPH) Simon Van Steenwyk to second
|
|
Batting: RHB Maup Gommers
|
0-0: Fly out, F3 (Popup, 3F, EV 52.5 MPH)
|
|
Batting: LHB Pat Fontana
|
0-0: Called Strike 0-1: Swinging Strike 0-2: Strikes out swinging
|
| Top of the 5th over - 0 runs, 1 hit, 0 errors, 1 left on base; Bowie 3 - Arkansas 2 |
| BOTTOM OF THE 5TH |
|
Arkansas Travelers batting - Pitching for Bowie Baysox : RHP Kevin Stewart
|
|
Batting: RHB Phil Knox
|
0-0: Ball 1-0: Foul Ball, location: 2F 1-1: Fly out, F7 (Flyball, 78S, EV 88.8 MPH)
|
|
Batting: RHB Nick Lombardo
|
0-0: Called Strike 0-1: Ball 1-1: Ball 2-1: Ball 3-1: Base on Balls
|
|
Batting: RHB Ryan Pelletier
|
0-0: Called Strike 0-1: Grounds into double play, 6-4-3 (Groundball, 6, EV 88.8 MPH)
|
| Bottom of the 5th over - 0 runs, 0 hits, 0 errors, 0 left on base; Bowie 3 - Arkansas 2 |
| TOP OF THE 6TH |
|
Bowie Baysox batting - Pitching for Arkansas Travelers : RHP Bartholomeu Voivodic
|
|
Pitching: RHP Jason Smallwood
|
|
|
Batting: RHB Jonathan Mendoza
|
0-0: Ball 1-0: Ball 2-0: Ball 3-0: Base on Balls
|
|
Batting: RHB Kevin Popowicz
|
0-0: Ball 1-0: Foul Ball, location: 2F 1-1: Foul Ball, location: 2F 1-2: SINGLE (Groundball, 6, EV 98.8 MPH) Jonathan Mendoza to second
|
|
Batting: SHB Chris Wright
|
0-0: Swinging Strike 0-1: Foul Ball, location: 2F 0-2: Strikes out swinging
|
|
Batting: RHB Honório Szenes
|
0-0: TRIPLE (Line Drive, 78XD, EV 106.9 MPH) Jonathan Mendoza scores Kevin Popowicz scores
|
|
Batting: RHB Ismael Macedo
|
0-0: Foul Ball, location: 2F 0-1: Called Strike 0-2: Ball 1-2: Ball 2-2: Strikes out swinging
|
|
Batting: RHB Simon Van Steenwyk
|
0-0: Ball 1-0: Swinging Strike 1-1: Swinging Strike 1-2: Ball 2-2: Foul Ball, location: 2F 2-2: Fly out, F6 (Line Drive, 6, EV 65.0 MPH)
|
| Top of the 6th over - 2 runs, 2 hits, 0 errors, 1 left on base; Bowie 5 - Arkansas 2 |
| BOTTOM OF THE 6TH |
|
Arkansas Travelers batting - Pitching for Bowie Baysox : RHP Kevin Stewart
|
|
Batting: RHB Kyler Seitz
|
0-0: Called Strike 0-1: Called Strike 0-2: Ball 1-2: Ball 2-2: Strikes out swinging
|
|
Batting: LHB Mutsuo IIda
|
0-0: Foul Ball, location: 2F 0-1: Ball 1-1: Foul Ball, location: 2F 1-2: Ground out 6-3 (Groundball, 6M, EV 78.8 MPH)
|
|
Batting: RHB Juan Montez
|
0-0: Ball 1-0: Ball 2-0: Called Strike 2-1: SINGLE (Line Drive, 6MD, EV 105.0 MPH)
|
|
Batting: RHB Kinya Nishimura
|
0-0: Ball Juan Montez is caught stealing 2nd base 2-4
|
| Bottom of the 6th over - 0 runs, 1 hit, 0 errors, 0 left on base; Bowie 5 - Arkansas 2 |
| TOP OF THE 7TH |
|
Bowie Baysox batting - Pitching for Arkansas Travelers : RHP Jason Smallwood
|
|
Pitching: LHP Kyle Worford
|
|
|
Batting: RHB Wil Ochoa
|
0-0: Ball 1-0: Ball 2-0: Fly out, F7 (Flyball, 7, EV 91.2 MPH)
|
|
Batting: RHB Maup Gommers
|
0-0: Swinging Strike 0-1: Ball 1-1: Foul Ball, location: 2F 1-2: Fly out, F4 (Flyball, 34D, EV 91.2 MPH)
|
|
Batting: LHB Pat Fontana
|
0-0: Ball 1-0: Ball 2-0: Called Strike 2-1: Ball 3-1: Fly out, F9 (Flyball, 89D, EV 95.0 MPH)
|
| Top of the 7th over - 0 runs, 0 hits, 0 errors, 0 left on base; Bowie 5 - Arkansas 2 |
| BOTTOM OF THE 7TH |
|
Arkansas Travelers batting - Pitching for Bowie Baysox : RHP Kevin Stewart
|
|
Batting: RHB Kinya Nishimura
|
0-0: Called Strike 0-1: Ball 1-1: Called Strike 1-2: Ball 2-2: Foul Ball, location: 2F 2-2: Strikes out swinging
|
|
Batting: RHB Danny Bjarnson
|
0-0: Ball 1-0: Ball 2-0: Ball 3-0: Base on Balls
|
|
Batting: RHB T.J. Gray
|
0-0: Ball 1-0: Fly out, F4 (Popup, 4M, EV 80.6 MPH)
|
|
Batting: RHB Phil Knox
|
0-0: Called Strike 0-1: Foul Ball, location: 2F 0-2: Ball 1-2: Ball 2-2: Foul Ball, location: 2F 2-2: Strikes out swinging
|
| Bottom of the 7th over - 0 runs, 0 hits, 0 errors, 1 left on base; Bowie 5 - Arkansas 2 |
| TOP OF THE 8TH |
|
Bowie Baysox batting - Pitching for Arkansas Travelers : LHP Kyle Worford
|
|
Pitching: LHP Ismael Diaz
|
|
|
Batting: RHB Jonathan Mendoza
|
0-0: Swinging Strike 0-1: Foul Ball, location: 2F 0-2: Ball 1-2: Strikes out swinging
|
|
Batting: RHB Kevin Popowicz
|
0-0: Called Strike 0-1: Ball 1-1: Ball 2-1: Called Strike 2-2: Ball 3-2: Ground out 6-3 (Groundball, 6, EV 102.5 MPH)
|
|
Batting: SHB Chris Wright
|
0-0: Called Strike 0-1: Ball 1-1: Ball 2-1: Called Strike 2-2: Ground out 3-1 (Groundball, 34, EV 100.6 MPH)
|
| Top of the 8th over - 0 runs, 0 hits, 0 errors, 0 left on base; Bowie 5 - Arkansas 2 |
| BOTTOM OF THE 8TH |
|
Arkansas Travelers batting - Pitching for Bowie Baysox : RHP Kevin Stewart
|
|
Pitching: RHP Shane Kruger
|
|
|
Batting: RHB Nick Lombardo
|
0-0: Called Strike 0-1: Ball 1-1: DOUBLE (Flyball, 78D, EV 105.0 MPH)
|
|
Pinch Hitting: LHB Dave Hicks
|
0-0: Ball 1-0: Ball 2-0: Ball 3-0: Called Strike 3-1: Foul Ball, location: 2F 3-2: Foul Ball, location: 2F 3-2: Fly out, F7 (Flyball, 7S, EV 80.0 MPH)
|
|
Batting: RHB Kyler Seitz
|
0-0: Ball 1-0: Foul Ball, location: 2F 1-1: SINGLE (Groundball, 4MD, EV 108.1 MPH) Nick Lombardo to third
|
|
Batting: LHB Mutsuo IIda
|
0-0: Ball Passed Ball! Nick Lombardo scores Kyler Seitz to second 1-0: Swinging Strike 1-1: Ground out 1-3 (Groundball, 13S, EV 61.9 MPH) Kyler Seitz to third
|
|
Batting: RHB Juan Montez
|
0-0: Called Strike 0-1: Ball 1-1: Swinging Strike 1-2: Strikes out swinging
|
| Bottom of the 8th over - 1 run, 2 hits, 0 errors, 1 left on base; Bowie 5 - Arkansas 3 |
| TOP OF THE 9TH |
|
Bowie Baysox batting - Pitching for Arkansas Travelers : LHP Ismael Diaz
|
|
Now at SS: Dave Hicks
|
|
|
Batting: RHB Honório Szenes
|
0-0: Foul Ball, location: 2F 0-1: Ball 1-1: Called Strike 1-2: Foul Ball, location: 2F 1-2: Ball 2-2: Ball 3-2: SINGLE (Groundball, 6MD, EV 100.0 MPH)
|
|
Batting: RHB Ismael Macedo
|
0-0: Ball 1-0: Ball 2-0: Called Strike 2-1: Swinging Strike 2-2: SINGLE (Groundball, 3D, EV 104.4 MPH) Honório Szenes to second Runner from 2nd tries for 3rd, SAFE, no throw by RF
|
|
Pitching: RHP Jose Alvarado
|
|
|
Batting: RHB Simon Van Steenwyk
|
0-0: Called Strike Ismael Macedo is caught stealing 2nd base 2-4 0-1: Called Strike 0-2: Ball 1-2: Foul Ball, location: 2F 1-2: Foul Ball, location: 2F 1-2: Ball 2-2: Ball 3-2: Foul Ball, location: 2F 3-2: Foul Ball, location: 2F 3-2: Ground out 6-3 (Groundball, 6, EV 107.5 MPH) Honório Szenes scores
|
|
Batting: RHB Wil Ochoa
|
0-0: Ball 1-0: Called Strike 1-1: Reached on error, E6 (Groundball, 56, EV 83.8 MPH)
|
|
Batting: RHB Maup Gommers
|
0-0: Foul Ball, location: 2F 0-1: Ball 1-1: Foul Ball, location: 2F 1-2: Strikes out swinging
|
| Top of the 9th over - 1 run, 2 hits, 1 error, 1 left on base; Bowie 6 - Arkansas 3 |
| BOTTOM OF THE 9TH |
|
Arkansas Travelers batting - Pitching for Bowie Baysox : RHP Shane Kruger
|
|
Pitching: RHP Jon Grason
|
|
|
Batting: RHB Kinya Nishimura
|
0-0: Ground out 6-3 (Groundball, 6MD, EV 113.8 MPH)
|
|
Batting: RHB Danny Bjarnson
|
0-0: Ball 1-0: Called Strike 1-1: Ball 2-1: Ground out 4-3 (Groundball, 4, EV 86.2 MPH)
|
|
Batting: RHB T.J. Gray
|
0-0: Swinging Strike 0-1: Called Strike 0-2: Ball 1-2: Ball 2-2: Foul Ball, location: 2F 2-2: Foul Ball, location: 2F 2-2: Strikes out looking
|
| Bottom of the 9th over - 0 runs, 0 hits, 0 errors, 0 left on base; Bowie 6 - Arkansas 3 |
|